 Dungeon Crawl Stone Soup version 0.30-a0-394-g3e4acdb0ae (webtiles) character file.

Game seed: 11360017340888708290

131 Lobster4 the Magician (level 4, -2/24 HPs)
             Began as a Deep Elf Hedge Wizard on Dec 6, 2022.
             Slain by a goblin
             ... wielding a +0 club
             ... led by Robin
              (5 damage)
             ... on level 3 of the Dungeon.
             The game lasted 00:06:55 (2275 turns).

Lobster4 the Magician (Deep Elf Hedge Wizard)       Turns: 2275, Time: 00:06:55

Health: -2/24      AC:  2    Str:  7    XL:     4   Next: 91%
Magic:  12/12      EV: 13    Int: 21    God:
Gold:   145        SH:  0    Dex: 14    Spells: 7/12 levels left

rFire   + . .      SeeInvis .    a - +4 shortbow "Ryifeip" {flame, Contam rF+ rC+ rN+}
rCold   + . .      Faith    .    (shield currently unavailable)
rNeg    + . .      Spirit   .    k - +0 robe
rPois   .          Reflect  .    c - +0 hat
rElec   .          Harm     .    (no cloak)
rCorr   .          Rampage  .    (no gloves)
Will    .....                    (no boots)
Stlth   ++........               (no amulet)
HPRegen 0.24/turn                (no ring)
MPRegen 0.13/turn                (no ring)

@: about to teleport
A: no striking features
a: no special abilities


You were on level 3 of the Dungeon.
You visited 1 branch of the dungeon, and saw 3 of its levels.

You collected 145 gold pieces.

Inventory:

Hand Weapons
 a - the +4 shortbow "Ryifeip" (weapon) {flame, Contam rF+ rC+ rN+}
   (You found it on level 2 of the Dungeon)

   Any ammunition fired from it burns those it strikes, dealing additional fire
   damage.
   rF:        It protects you from fire.
   rC:        It protects you from cold.
   rN:        It protects you from negative energy.
   Contam:    It causes magical contamination when unequipped.
 b - a +3 short sword
 e - a +0 dagger
Missiles
 g - 2 boomerangs
 h - 10 poisoned darts
Armour
 c - a +0 hat (worn)
 k - a +0 robe (worn)
Scrolls
 i - 2 scrolls of teleportation
 l - a scroll of poison {unknown}
 p - a scroll of immolation {unknown}
Potions
 d - a potion of magic
 f - a potion of degeneration {unknown}
 j - 2 potions of curing {unknown}
 m - a potion of berserk rage
 n - a potion of brilliance
 o - a potion of mutation {unknown}
 q - 2 potions of resistance


   Skills:
 + Level 0.8 Fighting
 - Level 1.0 Short Blades
 * Level 1.5 Ranged Weapons
 + Level 0.6 Throwing
 + Level 0.9 Armour
 - Level 3.0 Dodging
 - Level 3.0 Stealth
 + Level 4.8 Spellcasting
 + Level 1.9 Conjurations
 + Level 1.9 Summonings
 - Level 2.0 Translocations


You had 7 spell levels left.
You knew the following spells:

 Your Spells              Type           Power      Damage    Failure   Level
a - Magic Dart            Conj           52%        1d5       4%          1
b - Blink                 Tloc           26%        N/A       8%          2
c - Call Imp              Summ           13%        N/A       8%          2

Your spell library contained the following spells:

 Spells                   Type           Power      Damage    Failure   Level
 Slow                     Hex            20%        N/A       11%         1
 Cigotuvi's Dreadful Rot  Necr/Pois/Air  10%        N/A       17%         2
 Mephitic Cloud           Conj/Pois/Air  7%         N/A       26%         3


Dungeon Overview and Level Annotations

Branches:
Dungeon (3/15)

Altars:

Annotations:
D:3 Robin


Message History

You kill the giant cockroach!
f - a glowing white potion A quokka comes into view.
The quokka moves out of view.
You see here a giant cockroach corpse.
A quokka is nearby!
You shoot an arrow. The arrow barely misses the quokka.
You shoot an arrow. The arrow barely misses the quokka.
You shoot an arrow. The arrow hits the quokka.
The arrow burns the quokka.
You kill the quokka!
No target in view!
Robin and 3 goblins come into view.
A goblin is wielding a +2 dagger of speed.
Okay, then.
Okay, then.
Okay, then. 2 goblins come into view.
The goblin shouts! x2; Robin shouts!
You hear a shout!
The goblin shouts! x2
You shoot an arrow. The arrow closely misses the goblin.
The arrow hits the goblin.
The arrow burns the goblin.
You kill the goblin!
The goblin hits you with a +2 dagger of speed.
A hobgoblin comes into view.
Robin throws the goblin at you!
Training target 2.0 for Translocations reached!
Your Translocations skill increases to level 2!
You shoot an arrow. The hobgoblin shouts!
The arrow hits the goblin!
The arrow burns the goblin.
You kill the goblin!
Robin roars a battlecry!
The goblins go into a battle-frenzy!
The goblin hits you with a +0 club. Robin throws the goblin at you!
The goblin closely misses you. The goblin attacks as you move away!
The goblin hits you with a +0 club. x2
The goblin attacks as you move away! The goblin hits you with a +0 club.
* * * LOW HITPOINT WARNING * * *
As you read the scroll of teleportation, it crumbles to dust.
You feel strangely unstable. The goblin hits you with a +0 club.
You die...

..# #....# #g# #....# #g#
#.#### #.# #.# #)# #.#
#.# #.# #)# #.# #.#######
#.# #g.g@...###.#######.
#......g................
...######################
#


You could see 3 goblins.

Vanquished Creatures
  A hound (D:3)
  4 adders (D:2)
  3 dart slugs
  5 endoplasms
  4 giant cockroaches
  7 goblins
  3 hobgoblins
  7 jackals (D:2)
  A quokka (D:3)
  6 ball pythons
  7 bats
  3 frilled lizards
  5 kobolds
  6 rats
62 creatures vanquished.

Notes
Turn   | Place    | Note
-------+----------+-------------------------------------------
     0 | D:1      | Lobster4 the Deep Elf Hedge Wizard began the quest for the
                  | Orb.
     0 | D:1      | Reached XP level 1. HP: 10/10 MP: 7/7
   209 | D:1      | Reached XP level 2. HP: 15/15 MP: 7/9
   947 | D:1      | Reached XP level 3. HP: 19/19 MP: 8/11
  1357 | D:2      | Learned a level 2 spell: Blink
  1360 | D:2      | Learned a level 2 spell: Call Imp
  1368 | D:2      | Identified the +4 shortbow "Ryifeip" {flame, Contam rF+ rC+
                  | rN+}
  1596 | D:2      | Reached XP level 4. HP: 21/24 MP: 12/12
  1634 | D:2      | Reached skill level 1 in Short Blades
  2043 | D:3      | Reached skill level 1 in Ranged Weapons
  2268 | D:3      | Noticed Robin
  2275 | D:3      | Slain by a goblin

Illustrated notes

Levels and vault maps discovered:
D:1:      sevenhm_arrival_forest_fort_large_2, layout_basic
D:2:      layout_loops_ring, minmay_cut_off
D:3:      layout_loops_ring, nicolae_qazlal_eye_of_the_storm,
          shapermc_ecumenical_altar_mp_ritualfount, uniq_robin

Skill      XL: |  1  2  3  4 |
---------------+-------------+-----
Dodging        | 3 |  3.0
Short Blades   | 1 |  1.0
Stealth        | 3 |  3.0
Ranged Weapons | 1 |  1.5
Translocations | 2 |  2.0
Fighting       | |  0.8
Throwing       | |  0.6
Armour         | |  0.9
Spellcasting   | |  4.8
Conjurations   | |  1.9
Summonings     | |  1.9

Action                   |  1- 3 |  4- 6 || total
-------------------------+-------+-------++-------
Melee: Short sword       |    12 |       ||    12
 Fire: Shortbow          |    38 |    37 ||    75
 Cast: Magic Dart        |    52 |       ||    52
  Use: Scroll            |       |     5 ||     5
 Stab: Sleeping          |     2 |       ||     2
Armor: Robe              |     9 |     5 ||    14
Dodge: Dodged            |    30 |    13 ||    43

Table legend: (Time is in decaauts)
 A = Elapsed time spent in this place.
 B = Non-inter-level travel time spent in this place.
 C = Inter-level travel time spent in this place.
 D = Time resting spent in this place.
 E = Time spent auto-exploring this place.
 F = Levels seen in this place.
 G = Mean time per level.
                   A        B        C        D        E       F      G
               +--------+--------+--------+--------+--------+-----+--------+
         Total |   2309 |   2225 |     84 |     96 |   1821 |   3 |  769.7 |
       Dungeon |   2309 |   2225 |     84 |     96 |   1821 |   3 |  769.7 |
               +--------+--------+--------+--------+--------+-----+--------+

Top non-repeatable levels by time:
     D:1: 1196 daAuts
     D:2: 870 daAuts
     D:3: 242 daAuts
